AoeStats
← danjo

Hideout

509036599Analyzed
1v1 RM · 8d ago on Sep 25, 2026· 58m 46s· 2 players
Game mode
Random Map
Map size
Tiny (2 player)
Population
200
Speed
Normal
Resources
Standard
Victory
Conquest
Starting age
Dark Age
Ending age
Imperial Age
RankedLock teamsTeams togetherTeam positionsShared explorationLock speedFull tech treeHidden civsTurbo modeCheats
Victory
Defeat
🇩🇪 Malians · Germany
1119
+14
🇩🇪 Byzantines · Germany
1083
-14
s3
3:38 Loom
11:18 Feudal Age
10:26 Loom
15:08 Castle Age
16:10 Double-Bit Axe
17:43 Horse Collar
21:11 Bow Saw
23:22 Fletching
23:50 Crossbowman
26:43 Wheelbarrow
27:11 Padded Archer Armor
32:12 Imperial Age
29:53 Squires
30:28 Thumb Ring
31:44 Ballistics
31:52 Scale Mail Armor
32:02 Forging
33:17 Bodkin Arrow
33:46 Hand Cart
35:32 Chain Mail Armor
37:30 Heavy Plow
39:41 Plate Mail Armor
38:59 Capped Ram
40:04 Bracer
40:30 Gold Mining
40:30 Stone Mining
42:37 Crop Rotation
43:42 Chemistry
42:27 Treadmill Crane
43:13 Conscription
42:42 Arbalester
46:54 Cavalier
47:43 Scale Barding Armor
48:13 Iron Casting
47:57 Leather Archer Armor
48:10 Light Cavalry
51:05 Chain Barding Armor
50:53 Onager
52:31 Plate Barding Armor
52:21 Light Cavalry
57:48 Husbandry
danjo
10:52 Feudal Age
16:46 Castle Age
18:21 Loom
27:15 Double-Bit Axe
32:40 Imperial Age
31:27 Padded Archer Armor
32:29 Scale Mail Armor
32:39 Forging
32:29 Horse Collar
32:41 Fletching
33:20 Gold Mining
33:12 Elite Skirmisher
33:58 Thumb Ring
34:38 Leather Archer Armor
34:59 Iron Casting
35:34 Conscription
37:33 Gold Shaft Mining
37:57 Chain Mail Armor
38:22 Ballistics
37:58 Murder Holes
39:02 Wheelbarrow
40:41 Plate Mail Armor
41:47 Ring Archer Armor
41:56 Elite Gbeto
44:32 Chemistry
44:20 Hand Cart
45:58 Bodkin Arrow
48:14 Capped Ram
Connection lost

Rejoining the realm…

Still unreachable

The connection could not be restored.

Session expired

The server has moved on; the page needs a fresh start.